 Dungeon Crawl Stone Soup version 0.29-a0-330-g52719c12eb (webtiles) character file.

Game seed: 16422086814478230100

163 HoaS the Quickloader (level 5, 0/30 HPs)
             Began as a Kobold Hunter on May 23, 2022.
             Slain by an orc priest
             ... wielding a +0 hand axe
              (6 damage)
             ... on level 4 of the Dungeon on May 25, 2022.
             The game lasted 00:06:29 (3527 turns).

HoaS the Quickloader (Kobold Hunter)                Turns: 3527, Time: 00:06:30

Health: 0/30       AC:  6    Str:  8    XL:     5   Next: 72%
Magic:  5/5        EV: 14    Int: 10    God:
Gold:   160        SH:  0    Dex: 21    Spells: 4/4 levels left

rFire   . . .      SeeInvis .   a - +1 hand crossbow
rCold   . . .      Faith    .   (no shield)
rNeg    . . .      Spirit   .   b - +0 leather armour
rPois   .          Reflect  .   e - +1 helmet
rElec   .          Harm     .   (no cloak)
rCorr   .          Rampage  .   n - +0 pair of gloves
Will    .....                   (no boots)
Stlth   +++.......              (no amulet)
HPRegen 0.10/turn               r - ring of flight
MPRegen 0.09/turn               (no ring)

@: flying
A: small, no large weapons, nightstalker 3
a: no special abilities


You were on level 4 of the Dungeon.
You visited 1 branch of the dungeon, and saw 4 of its levels.

You collected 160 gold pieces.

Inventory:

Hand Weapons
 a - a +1 hand crossbow (weapon)
Missiles
 i - 2 throwing nets
Armour
 b - a +0 leather armour (worn)
 e - a +1 helmet (worn)
 n - a +0 pair of gloves (worn)
Jewellery
 l - a ring of ice
 r - a ring of flight (left hand)
Scrolls
 c - 2 scrolls of immolation
 g - a scroll of teleportation
 h - a scroll of fog
Potions
 f - 2 potions of lignification {unknown}
 j - a potion of attraction
 k - 4 potions of curing
 p - a potion of berserk rage {unknown}


   Skills:
 - Level 2.1 Fighting
 + Level 8.6 Crossbows
 - Level 2.4 Dodging
 - Level 1.3 Stealth


You had 4 spell levels left.
You didn't know any spells.
Your spell library contained the following spells:

 Spells                   Type           Power      Damage    Failure   Level
 Foxfire                  Conj/Fire      0%         2x1d4     50%         1
 Magic Dart               Conj           0%         1d3       50%         1
 Call Imp                 Summ           0%         N/A       63%         2
 Call Canine Familiar     Summ           0%         N/A       86%         3
 Conjure Flame            Conj/Fire      0%         6-21      86%         3
 Inner Flame              Hex/Fire       0%         N/A       86%         3
 Mephitic Cloud           Conj/Pois/Air  0%         N/A       86%         3
 Portal Projectile        Hex/Tloc       0%         N/A       86%         3
 Flame Wave               Conj/Fire      0%         2d4       99%         4
 Leda's Liquefaction      Hex/Erth       0%         N/A       99%         4
 Blade Hands              Tmut           0%         N/A       100%        5
 Excruciating Wounds      Necr           0%         N/A       100%        5
 Chain Lightning          Conj/Air       0%         N/A       100%        9
 Fire Storm               Conj/Fire      0%         5d1       100%        9
 Shatter                  Erth           0%         3d5*      100%        9


Dungeon Overview and Level Annotations

Branches:
Dungeon (4/15)
 Temple: D:4-7

Altars:
Fedhas

Shops:
D:2 [[

Annotations:
D:4 Edmund


Innate Abilities, Weirdness & Mutations

You are small and have problems with some larger weapons.
You are completely attuned to the shadows.


Message History

Aim: an orc priest, wielding a +0 hand axe and wearing a +0 scale mail (moderately wounded, 72% to hit)
You shoot a bolt. The bolt hits the orc priest.
The orc priest is moderately wounded.
The orc priest hits you with a +0 hand axe.
Shoot: a) +1 hand crossbow
Press: ? - help, Q - select action, (/) - cycle Shift-Dir - straight line, f/p - orc priest
Aim: an orc priest, wielding a +0 hand axe and wearing a +0 scale mail (moderately wounded, 72% to hit)
You shoot a bolt.
The bolt hits the orc priest but does no damage.
The orc priest is moderately wounded.
The orc priest hits you with a +0 hand axe.
* * * LOW HITPOINT WARNING * * *
Shoot: a) +1 hand crossbow
Press: ? - help, Q - select action, (/) - cycle Shift-Dir - straight line, f/p - orc priest
Aim: an orc priest, wielding a +0 hand axe and wearing a +0 scale mail (moderately wounded, 72% to hit)
You shoot a bolt.
The bolt hits the orc priest but does no damage.
The orc priest is moderately wounded.
The orc priest hits you but does no damage.
Shoot: a) +1 hand crossbow
Press: ? - help, Q - select action, (/) - cycle Shift-Dir - straight line, f/p - orc priest
Aim: an orc priest, wielding a +0 hand axe and wearing a +0 scale mail (moderately wounded, 72% to hit)
You shoot a bolt. The bolt hits the orc priest.
The orc priest is heavily wounded.
The orc priest looks braver for a moment.
Shoot: a) +1 hand crossbow
Press: ? - help, Q - select action, (/) - cycle Shift-Dir - straight line, f/p - orc priest
Aim: an orc priest, wielding a +0 hand axe and wearing a +0 scale mail (heavily wounded, 72% to hit)
You shoot a bolt.
The bolt hits the orc priest but does no damage.
The orc priest is heavily wounded.
The orc priest hits you but does no damage.
The orc priest closely misses you.
Shoot: a) +1 hand crossbow
Press: ? - help, Q - select action, (/) - cycle Shift-Dir - straight line, f/p - orc priest
Aim: an orc priest, wielding a +0 hand axe and wearing a +0 scale mail (heavily wounded, 72% to hit)
You shoot a bolt. The bolt hits the orc priest.
The orc priest is severely wounded.
The orc priest hits you with a +0 hand axe.
You die...

*,*,****,,,,*##.##.##.#.........
**+*,*,,,,,,,* #.*#.##..)........
,,,,,*,**,,,,* #,*#..####........
,,,,,*,*<,,,,* *,*##.## #........
,,,,,*,*,,,,.###+###..# #........
,,,,,*,*,,,,..........###........
,,,*,,,,,,,,...........#####...$.
****,*,,,,,,...o.....#.#####.....
*,,*,*,**,,,.###@#####.....#.....
*,,*,*,,,,,,,**#.######....#.....
*,,*,*****,,,,,#.................
*,,*,*,,,+,,,,,........#..##.....
*,,*,*,***,,,,,##......##..#.....
*,,*,*,* *,,,,,**,.....##..##.+##
,,,*,*,* *,,,,,**,......*#..*..,,
**,*,*,**********,,,,,_,**,,*,,,,
,,,,,,,,,,,,*********,,,**,,*,,,,


You could see an orc priest.

Vanquished Creatures
  Robin (D:2)
  2 gnolls (D:2)
  5 adders
  A worm (D:2)
  6 orcs
  6 ball pythons
  9 bats
  3 endoplasms
  3 giant cockroaches
  8 goblins
  10 hobgoblins
  2 jackals (D:1)
  4 quokkas
  4 frilled lizards
  5 kobolds
  6 rats
75 creatures vanquished.

Notes
Turn   | Place    | Note
-------+----------+-------------------------------------------
     0 | D:1      | HoaS the Kobold Hunter began the quest for the Orb.
     0 | D:1      | Reached XP level 1. HP: 12/12 MP: 1/1
   293 | D:1      | Reached XP level 2. HP: 17/17 MP: 2/2
   337 | D:1      | Reached skill level 6 in Crossbows
   767 | D:2      | Reached XP level 3. HP: 21/21 MP: 3/3
   917 | D:2      | Noticed Robin
  1299 | D:2      | Killed Robin
  1300 | D:2      | Reached skill level 7 in Crossbows
  1300 | D:2      | Reached XP level 4. HP: 26/26 MP: 4/4
  1432 | D:2      | Found Vicah's Antique Armour Boutique.
  1589 | D:2      | Found Qeupass's Antique Armour Boutique.
  1810 | D:2      | Reached XP level 5. HP: 24/30 MP: 5/5
  1924 | D:2      | Reached skill level 8 in Crossbows
  2839 | D:3      | Identified the +5 mace of a treasure trove {vorpal, rF+++
                  | Will+ Str+3 Int-5}
  3422 | D:4      | Found a blossoming altar of Fedhas.
  3482 | D:4      | Noticed Edmund
  3527 | D:4      | Slain by an orc priest

Illustrated notes

Levels and vault maps discovered:
D:1:      dpeg_arrival_concentric_ovals, layout_basic
D:2:      layout_rooms, serial_shops, nicolae_shop_trees,
          nicolae_shop_hallway_stairs, uniq_robin
D:3:      layout_loops_ring
D:4:      layout_basic, mainiacjoe_overflow_boulevard, minitemple,
          mainiacjoe_overflow_catch_the_wave, uniq_edmund

Skill      XL: |  1  2  3  4  5 |
---------------+----------------+-----
Crossbows      | 6 7 8 |  8.6
Fighting       | |  2.1
Dodging        | |  2.4
Stealth        | |  1.3

Action                   |  1- 3 |  4- 6 || total
-------------------------+-------+-------++-------
 Fire: Hand crossbow     |    79 |   133 ||   212
  Use: Scroll            |       |     9 ||     9
Armor: Leather armour    |    24 |    23 ||    47
Dodge: Dodged            |    44 |    42 ||    86

Table legend: (Time is in decaauts)
 A = Elapsed time spent in this place.
 B = Non-inter-level travel time spent in this place.
 C = Inter-level travel time spent in this place.
 D = Time resting spent in this place.
 E = Time spent auto-exploring this place.
 F = Levels seen in this place.
 G = Mean time per level.
                   A        B        C        D        E       F      G
               +--------+--------+--------+--------+--------+-----+--------+
         Total |   3569 |   3527 |     42 |   1216 |   1854 |   4 |  892.2 |
       Dungeon |   3569 |   3527 |     42 |   1216 |   1854 |   4 |  892.2 |
               +--------+--------+--------+--------+--------+-----+--------+

Top non-repeatable levels by time:
     D:1: 1299 daAuts
     D:3: 1162 daAuts
     D:2: 999 daAuts
     D:4: 107 daAuts
